[Event "GrandPrix_29.05"]
[Site "Chess.com"]
[Date "2020.05.29"]
[Round "3"]
[White "Baron_von_Koenig"]
[Black "Aliakbarov_Anar"]
[Result "1/2-1/2"]
[WhiteElo "2170"]
[BlackElo "2109"]
[TimeControl "600+2"]
[EndTime "10:31:19 PDT"]
[Termination "Game drawn by agreement"]

1. Nc3 e5 2. Nf3 Nc6 3. d4 exd4 4. Nxd4 Nf6 5. Bg5 Bb4 6. Nxc6 bxc6 7. Qd4 c5 8. Qe5+ Kf8 9. a3 Bxc3+ 10. Qxc3 d6 11.
e4 h6 12. Bh4 Bb7 13. Bxf6 Qxf6 14. Qxf6 gxf6 15. f3 a5 16. Kf2 Ke7 17. Bc4 Bc6 18. a4 Rab8 19. b3 h5 20. Rad1 h4 21. g4 Bd7 22. h3 Be6 23. Bb5 Rb6 24. f4 Bd7 25.
Bc4 Rb4 26. Rhe1 Be6 27. Bb5 Rb8 28. f5 Bc8 29. Rb1 Rd4 30. Re2 Bb7 31. Kf3 d5 32.
exd5+ Kd6 33. c4 c6 34. dxc6 Bxc6+ 35. Bxc6 Kxc6 36. Re4 Rd3+ 37. Re3 Rxe3+ 38. Kxe3 Re8+ 39. Kd3 Rd8+ 40. Kc3 Re8 41. Rd1 Re3+ 42. Rd3 Re2 43. Rf3 Rg2 44. Kd3 Rb2 45. Ke4 Re2+ 46. Kf4 Rb2 47. g5 fxg5+ 48. Kxg5 Kd6 49. Kf6 Rg2 50.
Rd3+ Kc6 51. Kxf7 Rg3 52. Rd8 Rxh3 53. Rh8 Rf3 54. Rh6+ Kd7 55. f6 h3 56. Rh5 Kd6 57. Rh4 Ke5 58. Rh5+ Kd6 59. Rh6 Ke5 60. Kg7 Ke6 61.
f7+ Ke7 62. f8=Q+ Rxf8 63. Rxh3 Rf2 64. Re3+ Kd6 65. Kg6 Kc6 66. Kg5 Kb6 67. Kg4 Rf1 68. Kg3 Rf6 69. Rf3 Rg6+ 70. Kf4 Re6 71. Re3 Rh6 72. Kf5 Rh5+ 73. Ke6 Rh6+ 74. Kd5 Rh5+ 75. Re5 Rh3 76. Re6+ Kb7 77. Kxc5 Rxb3 78. Re7+ Ka6 79. Re6+ Kb7 80. Re7+ Ka6 81. Kc6 Rb4 82. c5 Rxa4 83. Kc7 Rh4 84. c6 Rh6 85. Re8 Rh7+ 86. Kd6 Rh6+ 87. Kd7 Rh7+ 88. Re7 Rh8 89. c7 Kb7 90. Re5 Rh7+ 91. Kd6 Rxc7 92. Rb5+ Kc8 93. Rxa5 Rd7+ 1/2-1/2

[Event "GrandPrix_29.05"]
[Site "Chess.com"]
[Date "2020.05.29"]
[Round "3"]
[White "Kildepiotr"]
[Black "igorkovalenko"]
[Result "1/2-1/2"]
[WhiteElo "2193"]
[BlackElo "2104"]
[TimeControl "600+2"]
[EndTime "10:31:26 PDT"]
[Termination "Game drawn by repetition"]

1. Nf3 c5 2. g3 Nc6 3. Bg2 g6 4. O-O Bg7 5. c3 d5 6. d4 cxd4 7. cxd4 Bg4 8. Nc3 Bxf3 9. Bxf3 e6 10. e3 Nge7 11. b3 O-O 12. Ba3 Qd7 13. Rc1 Rfc8 14.
Be2 Bf8 15. Na4 Nf5 16. Bxf8 Kxf8 17. Nc5 Qe7 18. Qd2 Nd6 19. Bd3 Rc7 20. Rc3 Rac8 21. Rfc1 Nd8 22. Na4 Rxc3 23. Rxc3 Rc6 24. Rxc6 Nxc6 25.
Qc3 h5 26. h4 Qd8 27. Nc5 Ne7 28. Qb4 Qc7 29. Kg2 Kg7 30. a4 a5 31. Qc3 Qd8 32. b4 b6 33. Nb3 axb4 34. Qxb4 Nc6 35.
Qc3 Na5 36. Nxa5 bxa5 37. Qc5 Ne8 38. Be2 Nf6 39. Bf3 Ng8 40. Be2 Nh6 41. Bd3 Kg8 42.
Bc2 Kh8 43. Bd3 Kg7 44. Bc2 Kf6 45. Bd3 g5 46. hxg5+ Kxg5 47. Qc1 Kf6 48. Qh1 Kg7 49. Qxh5 Ng8 50. g4 Qd7 51. g5 Kf8 52. g6 f5 53. Qh2 Qe7 54. Qb8+ Kg7 55. Qa8 Qg5+ 56. Kf1 Qh5 57. Ke1 Qh1+ 58. Ke2 Qh5+ 59. Kd2 Qf3 60. Qe8 Nh6 61. Qxe6 Qxf2+ 62. Be2 Qg2 63. Qb6 Qe4 64. Qxa5 Kxg6 65. Qb6+ Kg5 66. Qd8+ Kg6 67. a5 Nf7 68.
Qg8+ Kf6 69. Bh5 Nd6 70. Qf8+ Ke6 71. Be2 Qb1 72. Qg8+ Ke7 73. Qg7+ Kd8 74. Bd3 Qa2+ 75. Kd1 Qxa5 76. Qf6+ Kc7 77. Qe7+ Kc6 78. Qe6 Qa4+ 79. Ke2 f4 80. exf4 Qxd4 81. f5 Qg4+ 82. Kd2 Qf4+ 83.
Qe3 Qb4+ 84. Ke2 Qb2+ 85. Kf3 Qh8 86. Qe6 Kc5 87. Qe3+ d4 88. Qf4 Qh3+ 89. Ke2 Qg2+ 90. Kd1 Qg1+ 91. Kd2 Qg2+ 92. Kd1 Qh1+ 93. Kd2 Qg2+ 94.
Kd1 1/2-1/2

[Event "GrandPrix_29.05"]
[Site "Chess.com"]
[Date "2020.05.29"]
[Round "3"]
[White "kosmeg"]
[Black "SoltaniciR"]
[Result "0-1"]
[WhiteElo "2068"]
[BlackElo "2093"]
[TimeControl "600+2"]
[EndTime "10:31:33 PDT"]
[Termination "SoltaniciR won by checkmate"]

1. Nf3 c5 2. c4 Nf6 3. d4 cxd4 4. Nxd4 e6 5. g3 Bb4+ 6. Bd2 Be7 7. Bg2 Nc6 8. Nb3 d5 9. cxd5 exd5 10. O-O O-O 11. Nc3 d4 12. Nb5 Qb6 13. N5xd4 Ne5 14. Rc1 Bg4 15. h3 Bd7 16. Bf4 Nc6 17. Nxc6 Bxc6 18. Qd4 Qa6 19. Bxc6 bxc6 20. Qc4 Qc8 21. Kg2 Qf5 22. Nd4 Qe4+ 23. f3 Qg6 24. Qc2 c5 25. Nc6 Rfe8 26. Qxg6 hxg6 27. e4 Bf8 28. Rfd1 Re6 29.
Na5 Ra6 30. Bd2 Rb8 31. Bc3 Rb5 32. Nc4 Ra4 33. Bxf6 gxf6 34. a3 Rb7 35. Rd5 Kg7 36. h4 Ra6 37. Kf2 Re7 38. Rc3 Rb7 39. Ke2 Be7 40.
Kd3 Re6 41. g4 Rc6 42. Kc2 Rc8 43. Rb3 Rbc7 44. h5 Rh8 45. Rbd3 gxh5 46. Rxh5 Rxh5 47. gxh5 f5 48. exf5 Kh6 49. Rd5 Bf6 50. Nd2 Kxh5 51. Ne4 Bd4 52. b3 a5 53. a4 Kh4 54. Nd6 Kg3 55.
Nc4 Kxf3 56. Nxa5 Ke4 57. Rd8 Kxf5 58. Nc4 Kg4 59. Rg8+ Kf4 60. a5 f5 61. a6 Rh7 62.
Rb8 Rh2+ 63. Kd3 Rh3+ 64. Ke2 Rh2+ 65. Kf1 Kf3 66. Ke1 Ra2 67. Rb6 f4 68. Re6 Be3 69. Ne5+ Ke4 70. Nc4+ Kd3 71. Nxe3 fxe3 72. Rd6+ Kc3 73.
Re6 Kd3 74. Rd6+ Kc3 75. Re6 Kxb3 76. Rxe3+ Kb4 77. Re6 c4 78. Kd1 Kb3 79. Rb6+ Kc3 80. Rc6 Ra1+ 81. Ke2 Kb3 82. Rb6+ Kc2 83. Rc6 c3 84.
Rb6 Ra3 85. Ke1 Kc1 86. Ke2 c2 87. Ke1 Ra5 88. Ke2 Re5+ 89. Kd3 Kd1 90. a7 c1=Q 91. a8=Q Qc2+ 92. Kd4 Qc5+ 93. Kd3 Re3# 0-1

[Event "GrandPrix_29.05"]
[Site "Chess.com"]
[Date "2020.05.29"]
[Round "3"]
[White "NikolaGry"]
[Black "vagpat"]
[Result "1/2-1/2"]
[WhiteElo "2012"]
[BlackElo "2208"]
[TimeControl "600+2"]
[EndTime "10:31:46 PDT"]
[Termination "Game drawn by stalemate"]

1. b3 Nf6 2. Bb2 b6 3. c4 Bb7 4. Nf3 g6 5. Bxf6 exf6 6. Nc3 f5 7. e3 Bg7 8. g3 O-O 9. Bg2 c5 10. O-O d6 11. Ne1 Bxg2 12. Nxg2 Nc6 13. Rb1 Be5 14.
Nd5 Ne7 15. Nxe7+ Qxe7 16. Qf3 Rad8 17. Rfd1 d5 18. cxd5 Qd6 19. d4 cxd4 20. exd4 Bg7 21. Ne3 Bh6 22. Rbc1 Bxe3 23. fxe3 Rfe8 24. Rc6 Qd7 25.
Rdc1 Re4 26. d6 Qe6 27. R1c3 Rxd6 28. Rxd6 Qxd6 29. Kf2 h5 30. Qe2 h4 31. Qc4 Rg4 32.
Qc8+ Kg7 33. Qc7 Qd5 34. Qe5+ Qxe5 35. dxe5 hxg3+ 36. hxg3 Kf8 37. Rc7 a5 38. Rc6 Rb4 39. e6 fxe6 40. Rxe6 Kf7 41. Rc6 Kg7 42. Kf3 Kh6 43. Rd6 Kg5 44. Rc6 b5 45. Rc5 a4 46.
bxa4 bxa4 47. Ra5 Kh5 48. a3 Rc4 49. Ra8 g5 50. Rh8+ Kg6 51. Rg8+ Kh6 52. Ra8 g4+ 53.
Kf2 Rc2+ 54. Kf1 Rc3 55. Rxa4 Rxe3 56. Kf2 Rf3+ 57. Kg2 Kg5 58. Ra6 Rb3 59. Ra8 Rb2+ 60. Kg1 Ra2 61. a4 Kf6 62. a5 Ke5 63. a6 Ke4 64. a7 Kf3 65. Rf8 Rxa7 66. Rxf5+ Kxg3 67. Rf1 Ra2 68. Re1 Kh3 69. Rf1 Rb2 70. Re1 Rc2 71. Rd1 Re2 72. Rc1 Rd2 73. Rb1 Rg2+ 74. Kh1 Rg3 75. Rc1 Rd3 76. Rb1 Rf3 77. Kg1 g3 78.
Rc1 Rd3 79. Rb1 Rd2 80. Rc1 Rg2+ 81. Kh1 Rf2 82. Kg1 Rf8 83. Rb1 Rc8 84. Ra1 Rb8 85. Rc1 Rb3 86. Rd1 Kg4 87. Re1 Kf3 88. Rf1+ Kg4 89. Rd1 Re3 90. Rd8 Re4 91. Rg8+ Kf3 92.
Rf8+ Kg4 93. Rg8+ Kh3 94. Rh8+ Rh4 95. Rxh4+ Kxh4 96. Kg2 Kg4 97. Kg1 Kf3 98. Kf1 Kf4 99. Kg2 Kg4 100. Kg1 Kh3 101. Kh1 g2+ 102. Kg1 Kg3 1/2-1/2

[Event "GrandPrix_29.05"]
[Site "Chess.com"]
[Date "2020.05.29"]
[Round "3"]
[White "matej2221"]
[Black "SmirnovTimofey2000"]
[Result "1-0"]
[WhiteElo "2216"]
[BlackElo "2158"]
[TimeControl "600+2"]
[EndTime "10:32:07 PDT"]
[Termination "matej2221 won by resignation"]

1. e4 c5 2. Nf3 d6 3. d4 cxd4 4. Nxd4 Nf6 5. f3 e5 6. Nb3 Be6 7.
c4 Nbd7 8. Be3 a5 9. Nc3 a4 10. Nd2 Qa5 11. Ndb1 Qb4 12. Na3 Be7 13. Qd2 O-O 14. Be2 Bd8 15. Nd5 Qxd2+ 16. Bxd2 Ba5 17.
Bxa5 Rxa5 18. Nb5 Ra6 19. Ndc7 Rc6 20. Nxe6 fxe6 21. Rd1 Ne8 22. Kf2 Kf7 23. Ke3 Ke7 24. Rd2 Nb6 25. Rhd1 Nc8 26. Rc1 Nc7 27. Na3 Na6 28.
Bd1 Nb6 29. b3 axb3 30. axb3 d5 31. exd5 exd5 32. Bc2 d4+ 33. Ke2 Nc5 34. Nb5 d3+ 35. Rxd3 Nxd3 36. Bxd3 Nd7 37. b4 Nf6 38. Ra1 Rb8 39.
c5 Ra6 40. Rb1 Ra2+ 41. Ke3 Rd8 42. Nd6 Nd5+ 43. Ke4 Nc3+ 44. Kxe5 Nxb1 45. Bxb1 Rb2 46. Bxh7 Rxb4 47. Be4 b6 48. Nf5+ Kf7 49. cxb6 Rxb6 50.
Ne3 Re6+ 51. Kf4 Rf6+ 52. Kg3 Kf8 53. Ng4 Re6 54. Ne3 Rd2 55. Nf5 Ra6 56. Ne3 Raa2 57. Kf4 Re2 58. h4 Rxg2 59. Nxg2 Rxg2 60. Bf5 Ke7 61.
Bg4 Kf6 62. h5 Rg1 63. Bd7 Rd1 64. Bc6 Rd6 65. Be4 Rd1 66. Bg6 Rg1 67. Be4 Rg2 68. Bg6 Rh2 69. Kg4 Rh1 70. Kf4 Rh4+ 71. Kg3 Kg5 72. Be8 Rf4 73. Bg6 Ra4 74. Be8 Ra1 75. f4+ Kf6 76. Bg6 Ra3+ 77. Kg4 Ra5 78. Kh4 Ke6 79. Kg4 Ra6 80. Kh4 Kf6 81. Kg4 Ra1 82. Kf3 Rg1 83. Ke4 Ke6 84. Kd4 Rg4 85. Ke4 Rg3 86.
Bf5+ Kd6 87. Bg6 Ra3 88. Kf5 Ra5+ 89. Kg4 Kd5 90. Bh7 Kd4 91. f5 Ke5 92. Kg5 Ra1 93. Kg6 Rg1+ 94. Kf7 Kf4 95. Bg6 Ra1 96. Kxg7 Ra7+ 97.
Kh6 Rb7 98. f6 Ke5 99. f7 Rb8 100. Kg7 Ke6 101. h6 Ke7 102. h7 Rf8 103. h8=Q Rxh8 104. Kxh8 Kf8 105. Kh7 1-0

[Event "GrandPrix_29.05"]
[Site "Chess.com"]
[Date "2020.05.29"]
[Round "3"]
[White "FCLitras"]
[Black "Supernotar"]
[Result "1/2-1/2"]
[WhiteElo "1773"]
[BlackElo "2123"]
[TimeControl "600+2"]
[EndTime "10:34:04 PDT"]
[Termination "Game drawn by agreement"]

1. d4 d5 2. c4 dxc4 3. Nf3 Nf6 4. e3 e6 5. Bxc4 a6 6. O-O b5 7. Bb3 Bb7 8. a4 b4 9. Nbd2 Nbd7 10. Re1 c5 11. e4 Be7 12. d5 exd5 13. exd5 O-O 14. Nf1 Nb6 15. Bg5 c4 16. a5 cxb3 17. axb6 h6 18.
Bxf6 Bxf6 19. Qxb3 Qxb6 20. Ne3 Rfd8 21. Rad1 a5 22.
Ng4 a4 23. Nxf6+ Qxf6 24. Qxb4 Bxd5 25. Qd4 Qg6 26. Qf4 Bxf3 27. Qxf3 Qc2 28. Rb1 Rab8 29. Rec1 Rxb2 30. Ra1 Qb3 31. h4 Qxf3 32. gxf3 Rdd2 33. Rxa4 Rxf2 34. Rf4 Rg2+ 35. Kh1 Rh2+ 36. Kg1 Rbg2+ 37.
Kf1 Rf2+ 38. Kg1 Rhg2+ 39. Kh1 Rh2+ 40. Kg1 Rfg2+ 41. Kf1 Rh1+ 42. Kxg2 Rxc1 43. Ra4 g6 44. Kg3 Kg7 45. Ra6 Rg1+ 46. Kh2 Rf1 47. Kg2 Rc1 48. Kg3 Rc5 49. Rb6 Re5 50. Ra6 Re6 51. Ra5 Kf6 52.
Rb5 Rd6 53. Rb7 Rc6 54. Ra7 Rb6 55. Rc7 Re6 56. Ra7 Re7 57. Ra5 Re5 58. Ra7 Ke6 59.
Rb7 Ra5 60. Rc7 Ra6 61. Rb7 Rc6 62. Ra7 Rd6 63. Rb7 f6 64. Rh7 h5 65. Ra7 Rd5 66.
Ra6+ Kf5 67. Ra8 Rc5 68. Rb8 Rd5 69. Rf8 Ra5 70. Rb8 Rd5 71. Ra8 g5 72. hxg5 fxg5 73. Rf8+ Kg6 74. Ra8 Rd6 75. Rb8 Rf6 76. Ra8 Kf5 77.
Ra5+ Kg6 78. Ra8 h4+ 79. Kg2 Rd6 80. Rg8+ Kf5 81. Rf8+ Ke5 82. Rg8 Kf5 83. Rf8+ Rf6 84.
Re8 Rf7 85. Rg8 Kf4 86. Re8 h3+ 87. Kxh3 Kxf3 88. Kh2 Kf2 89. Kh3 Kf3 90. Kh2 g4 91. Ra8 Re7 92. Ra3+ Kf4 93. Ra4+ Kg5 94. Kg3 Re3+ 95.
Kg2 Kh4 96. Ra2 Rg3+ 97. Kh2 Rh3+ 98. Kg2 Rc3 99. Rb2 Ra3 100. Rc2 Rb3 101. Ra2 Rc3 102. Rb2 Rd3 103. Ra2 Re3 104. Rb2 Re5 105. Ra2 Rf5 106. Rb2 Rd5 107. Ra2 Kg5 108. Rb2 Rc5 109. Ra2 Rc4 110. Rb2 Kf4 111. Rf2+ Kg5 112. Ra2 Rc3 113. Rb2 Rc5 114. Ra2 Rb5 115. Rc2 Rb3 116. Rd2 Kh4 117. Rc2 Rd3 118. Rb2 Rd4 119. Ra2 Rd7 120. Rb2 Re7 121. Ra2 Rf7 122. Rb2 Rf4 123. Ra2 g3 124. Rb2 Kg4 125. Ra2 Rb4 126. Rc2 Ra4 127. Rb2 Kf4 128. Rc2 Rb4 129. Ra2 Rc4 130. Rb2 Rd4 131. Rc2 Re4 132. Ra2 Kg4 133. Rb2 Ra4 134. Rc2 Ra3 135. Rb2 Rc3 136. Rb4+ Kf5 137. Ra4 Rd3 138. Rb4 Re3 139. Ra4 Rb3 140. Rc4 Ra3 141. Rb4 Kg5 142. Rc4 Rb3 143. Rd4 Re3 144. Rc4 Kf5 145. Rb4 Ke5 146. Ra4 Rd3 147. Rb4 Kf5 148. Ra4 Rb3 149. Rc4 Ra3 150. Rb4 Kg6 151. Rg4+ Kf5 152. Rxg3 Ra2+ 153. Kh3 Kf4 154. Rg4+ Kf3 155. Rg3+ Kf4 156. Rg4+ Kf5 157. Rg3 Ra1 158. Rf3+ Ke4 159. Rg3 Rh1+ 160. Kg2 1/2-1/2

[Event "GrandPrix_29.05"]
[Site "Chess.com"]
[Date "2020.05.29"]
[Round "4"]
[White "Carpe7Diem"]
[Black "Korona_91"]
[Result "1/2-1/2"]
[WhiteElo "2087"]
[BlackElo "1975"]
[TimeControl "600+2"]
[EndTime "10:40:02 PDT"]
[Termination "Game drawn by agreement"]

1. c4 e5 2. Nc3 Nc6 3. g3 g6 4. Bg2 Bg7 5. e3 d6 6. Nge2 f5 7. b3 Nf6 8. Bb2 O-O 9. O-O Be6 10. d4 Bf7 11. Nd5 e4 12. Nxf6+ Bxf6 13. Qd2 Ne7 14. d5 Bxb2 15. Qxb2 1/2-1/2

[Event "GrandPrix_29.05"]
[Site "Chess.com"]
[Date "2020.05.29"]
[Round "4"]
[White "Jaka_Brilej"]
[Black "Chessbuster123"]
[Result "1-0"]
[WhiteElo "2168"]
[BlackElo "1980"]
[TimeControl "600+2"]
[EndTime "10:43:15 PDT"]
[Termination "Jaka_Brilej won by checkmate"]

1. e4 c5 2. Nf3 d6 3. d4 cxd4 4. Nxd4 Nf6 5. Nc3 a6 6. f3 e5 7. Nb3 Be7 8. Be3 O-O 9. Qd2 b5 10. O-O-O Nbd7 11. g4 b4 12. Ne2 a5 13. Kb1 a4 14.
Nbc1 Qa5 15. Ng3 Nb6 16. Nf5 Bxf5 17. gxf5 Rfc8 18. Rg1 Nc4 19. Bxc4 Rxc4 20. Bh6 Ne8 21. Bxg7 Nxg7 22. Qh6 Kf8 23. f6 Bxf6 24. Qxf6 Ne6 25. Rxd6 Qc5 26. Rgd1 b3 27. Qh8+ Ke7 28. Rd7# 1-0

[Event "GrandPrix_29.05"]
[Site "Chess.com"]
[Date "2020.05.29"]
[Round "4"]
[White "tornikesanikidze"]
[Black "SavelijTartakover"]
[Result "0-1"]
[WhiteElo "2115"]
[BlackElo "2423"]
[TimeControl "600+2"]
[EndTime "10:44:51 PDT"]
[Termination "SavelijTartakover won by resignation"]

1. d4 d5 2. c4 c6 3. Nf3 Nf6 4. cxd5 cxd5 5. Nc3 Nc6 6. Bf4 Bf5 7. Qb3 Na5 8. Qa4+ Bd7 9. Qc2 e6 10. e3 Be7 11. Bd3 Nh5 12. Be5 Nc6 13. g4 Nf6 14. Bxf6 Nb4 15. Qe2 Nxd3+ 16. Qxd3 gxf6 17. O-O-O Rc8 18. Kb1 Qa5 19. Rc1 Bb4 20. Ne2 Ke7 21. Nf4 Bb5 22.
Qb3 Bc4 23. Rxc4 dxc4 24. Qc2 Bd6 25. Nh5 f5 26. h3 c3 27. gxf5 Qxf5 28. Qxf5 exf5 29.
bxc3 Rxc3 30. Ng7 Kf6 31. Rg1 Rhc8 32. Nd2 Rc2 33. Nh5+ Ke7 34. Nb3 Rxf2 0-1

[Event "GrandPrix_29.05"]
[Site "Chess.com"]
[Date "2020.05.29"]
[Round "4"]
[White "FCLitras"]
[Black "StephenDedalus83"]
[Result "0-1"]
[WhiteElo "1712"]
[BlackElo "2158"]
[TimeControl "600+2"]
[EndTime "10:44:51 PDT"]
[Termination "StephenDedalus83 won by resignation"]

1. d4 g6 2. g3 Bg7 3. Bg2 d6 4. Nf3 Nd7 5. O-O e5 6. dxe5 dxe5 7. c4 Ngf6 8. Nc3 O-O 9. b3 Re8 10. Ba3 e4 11. Nd4 e3 12. f4 c6 13. Rc1 Ng4 14.
Nf3 Nf2 15. Qc2 Nf6 16. Ne5 N6g4 17. Nxg4 Bxg4 18. Bc5 Qd2 19. Nb1 Qxe2 20. Qxe2 Bxe2 21. Rfe1 Nd3 22. Rxe2 Nxc1 23. Rxe3 Rxe3 24. Bxe3 Nxa2 0-1

[Event "GrandPrix_29.05"]
[Site "Chess.com"]
[Date "2020.05.29"]
[Round "4"]
[White "Pierluigi15"]
[Black "ZverevLev"]
[Result "1-0"]
[WhiteElo "2521"]
[BlackElo "2230"]
[TimeControl "600+2"]
[EndTime "10:46:03 PDT"]
[Termination "Pierluigi15 won by checkmate"]

1. d4 Nf6 2. c4 e6 3. Nc3 Bb4 4. Bd2 c5 5. e3 Nc6 6. a3 Bxc3 7. Bxc3 O-O 8. d5 Ne7 9. Bxf6 gxf6 10. d6 Ng6 11. h4 Qa5+ 12. b4 cxb4 13. Bd3 bxa3+ 14. Kf1 Qc3 15. Ne2 Qb4 16. Rb1 Qc5 17. Rb5 Qxd6 18. h5 a2 19. hxg6 Qxd3 20. Qxd3 a1=Q+ 21. Rb1 Qe5 22. g7 f5 23. gxf8=Q+ Kxf8 24. Qa3+ d6 25. f4 Qc5 26. Qxc5 dxc5 27. Rxh7 Kg8 28. Rh4 Bd7 29. Rxb7 Bc6 30. Rc7 Be4 31. Rxc5 a5 32. Nc3 Bd3+ 33.
Kf2 a4 34. Rh1 a3 35. Ra1 Kg7 36. Nb5 a2 37. Nc3 Ra3 38. Nxa2 Ra4 39. Nc1 Rxa1 40. Nxd3 Ra2+ 41. Kf3 Rd2 42. Ne5 f6 43. Rc7+ Kh6 44.
Nf7+ Kg6 45. Nh8+ Kh6 46. c5 e5 47. fxe5 fxe5 48. Nf7+ Kh5 49. Nxe5 f4 50. exf4 Kh6 51. Rd7 Rc2 52. c6 Rc3+ 53. Ke4 Rc1 54. Kf5 Rc5 55. c7 Ra5 56. c8=Q Rxe5+ 57. Kxe5 Kh5 58. Qh8+ Kg4 59.
Rg7# 1-0

[Event "GrandPrix_29.05"]
[Site "Chess.com"]
[Date "2020.05.29"]
[Round "4"]
[White "Arasvard"]
[Black "Zadar321"]
[Result "0-1"]
[WhiteElo "2034"]
[BlackElo "2022"]
[TimeControl "600+2"]
[EndTime "10:46:08 PDT"]
[Termination "Zadar321 won by resignation"]

1. d4 Nf6 2. c4 Nc6 3. Nf3 e6 4. Nc3 Bb4 5. Qc2 O-O 6. a3 Bxc3+ 7. Qxc3 d6 8. e3 Re8 9. Be2 e5 10. d5 Nb8 11. b4 a5 12. Bb2 axb4 13. axb4 Rxa1+ 14. Bxa1 b5 15. cxb5 Bb7 16. O-O Nxd5 17. Qd2 Nd7 18.
Bc4 N7b6 19. Bb3 Qd7 20. e4 Nf4 21. Qe3 Qg4 22. Ne1 Ne2+ 23. Kh1 Qxe4 24. Qxe4 Bxe4 25.
f3 Bd5 26. Bxd5 Nxd5 27. Nd3 Nd4 28. f4 f6 29. fxe5 fxe5 30. Bxd4 exd4 31. Rf3 Rb8 32. Kg1 Rxb5 33. Rf5 c6 34. h4 g6 35. Rg5 Kg7 36. h5 Kf6 37. Rg3 Nxb4 0-1

[Event "GrandPrix_29.05"]
[Site "Chess.com"]
[Date "2020.05.29"]
[Round "4"]
[White "rim1618"]
[Black "Batica1984"]
[Result "1-0"]
[WhiteElo "2481"]
[BlackElo "2136"]
[TimeControl "600+2"]
[EndTime "10:46:24 PDT"]
[Termination "rim1618 won by resignation"]

1. d4 Nf6 2. Nf3 e6 3. g3 c5 4. Bg2 cxd4 5. Nxd4 d5 6. O-O e5 7. Nb3 Be6 8. Nc3 Be7 9. e4 dxe4 10. Qxd8+ Kxd8 11. Rd1+ Nbd7 12. Nxe4 Nxe4 13. Bxe4 Kc7 14. Be3 Rhd8 15. Na5 Nc5 16. Rxd8 Rxd8 17. Bxc5 Bxc5 18. Nxb7 Bd5 19. Nxc5 1-0

[Event "GrandPrix_29.05"]
[Site "Chess.com"]
[Date "2020.05.29"]
[Round "4"]
[White "gross-aleks"]
[Black "Vuk2000"]
[Result "0-1"]
[WhiteElo "2054"]
[BlackElo "2219"]
[TimeControl "600+2"]
[EndTime "10:46:47 PDT"]
[Termination "Vuk2000 won by resignation"]

1. c4 e5 2. g3 Nc6 3. Bg2 d6 4. Nc3 Be6 5. Nd5 Qd7 6. Rb1 Nd8 7. d3 c6 8. Nc3 g6 9. e4 Bg7 10. Nge2 Bh3 11. O-O Bxg2 12. Kxg2 Ne7 13. d4 exd4 14.
Nxd4 Ne6 15. Nde2 O-O 16. b3 f5 17. Ba3 f4 18. f3 Rad8 19. gxf4 Nxf4+ 20. Nxf4 Rxf4 21.
Ne2 Rh4 22. Rf2 Be5 23. f4 Qh3+ 24. Kg1 Rg4+ 25. Kh1 Qe3 26. fxe5 Qxe4+ 0-1

[Event "GrandPrix_29.05"]
[Site "Chess.com"]
[Date "2020.05.29"]
[Round "4"]
[White "kostasam18"]
[Black "Baron_von_Koenig"]
[Result "0-1"]
[WhiteElo "2055"]
[BlackElo "2243"]
[TimeControl "600+2"]
[EndTime "10:47:14 PDT"]
[Termination "Baron_von_Koenig won by resignation"]

1. e4 d5 2. exd5 Qxd5 3. Nc3 Qd6 4. d4 Nf6 5. Nf3 a6 6. Bd3 Bg4 7. Ne4 Nxe4 8. Bxe4 f5 9. Bd3 Nc6 10. h3 Bxf3 11. Qxf3 g6 12. c3 e5 13. d5 e4 14.
Qe2 Ne5 15. Bc4 Nxc4 16. Qxc4 O-O-O 17. Bg5 Qxd5 18. Qxd5 Rxd5 19. Rd1 Rxd1+ 20. Kxd1 Bg7 21. Ke2 h6 22. Be7 Re8 23. Bc5 Rd8 24. h4 Rd5 25. Be3 Kd7 26. f3 exf3+ 27. Kxf3 h5 28. Bg5 Be5 29.
Re1 Kd6 30. Re2 b5 31. Bh6 Rd3+ 32. Re3 Rxe3+ 33. Kxe3 Kd5 34. Kd3 c5 35. Bf8 Bf6 36. b3 c4+ 37. bxc4+ bxc4+ 38. Ke3 0-1

[Event "GrandPrix_29.05"]
[Site "Chess.com"]
[Date "2020.05.29"]
[Round "4"]
[White "monalize"]
[Black "jncool68"]
[Result "0-1"]
[WhiteElo "1940"]
[BlackElo "2209"]
[TimeControl "600+2"]
[EndTime "10:47:55 PDT"]
[Termination "jncool68 won by resignation"]

1. e4 e5 2. Nf3 Nc6 3. Bb5 a6 4. Bxc6 dxc6 5. O-O Qf6 6. d4 exd4 7. Qxd4 Qxd4 8.
Nxd4 Bd7 9. Bf4 O-O-O 10. Nc3 Ne7 11. Rad1 Ng6 12. Bg3 h5 13. h3 f6 14. Rfe1 Bb4 15. Nde2 Rhe8 16. a3 Bf8 17. Nf4 Nxf4 18. Bxf4 g5 19. Be3 Bd6 20. Bd4 Re6 21. f3 g4 22.
hxg4 hxg4 23. Kf2 Rg8 24. Ne2 c5 25. Bc3 f5 26. exf5 g3+ 27. Kf1 Rh6 28. Ng1 Bxf5 29. Rd2 Bd7 30. Nh3 Bxh3 31. gxh3 Rxh3 32. Rg2 Rh1+ 33. Rg1 g2+ 34. Ke2 Rxg1 35. Rxg1 Bh2 0-1

[Event "GrandPrix_29.05"]
[Site "Chess.com"]
[Date "2020.05.29"]
[Round "4"]
[White "DanielDardha2005"]
[Black "cantdefyme"]
[Result "1-0"]
[WhiteElo "2285"]
[BlackElo "2077"]
[TimeControl "600+2"]
[EndTime "10:49:06 PDT"]
[Termination "DanielDardha2005 won by resignation"]

1. Nf3 Nf6 2. c4 g6 3. Nc3 Bg7 4. e4 d6 5. d4 O-O 6. Be2 e5 7. d5 a5 8. Bg5 h6 9. Be3 Na6 10. Nd2 Nc5 11. O-O c6 12. a3 cxd5 13. cxd5 Nfd7 14.
b4 axb4 15. axb4 Rxa1 16. Qxa1 Na6 17. Qb2 Nb6 18. Ra1 f5 19. f3 Kh7 20. Nb5 h5 21.
Na7 Bh6 22. Bf2 Bd7 23. Bxa6 bxa6 24. Rxa6 Na4 25. Qc2 Qa8 26. Nc4 fxe4 27. Rxd6 Be8 28.
Qxe4 Rf7 29. Qxg6+ 1-0

[Event "GrandPrix_29.05"]
[Site "Chess.com"]
[Date "2020.05.29"]
[Round "4"]
[White "Lukianoo"]
[Black "Kiril1965"]
[Result "0-1"]
[WhiteElo "2601"]
[BlackElo "2737"]
[TimeControl "600+2"]
[EndTime "10:49:11 PDT"]
[Termination "Kiril1965 won by resignation"]

1. e4 e5 2. Nc3 Nf6 3. f4 d5 4. fxe5 Nxe4 5. Nf3 Be7 6. Qe2 Nxc3 7. dxc3 c5 8. Bf4 Be6 9. O-O-O Nc6 10. Kb1 Qa5 11. a3 h6 12. h4 O-O-O 13. g3 Rd7 14. Bh3 Rhd8 15. Bxe6 fxe6 16. Nd2 g5 17. hxg5 hxg5 18. Be3 d4 19. Nc4 Qa6 20. cxd4 cxd4 21. Bc1 Na5 22. b3 Rc7 23. Rh7 Nxc4 24. bxc4 Bxa3 25. Rxc7+ Kxc7 26. Bxa3 Qxa3 27. Rd3 Qb4+ 28. Rb3 d3 29. Qd1 dxc2+ 30. Qxc2 Qe1+ 0-1

[Event "GrandPrix_29.05"]
[Site "Chess.com"]
[Date "2020.05.29"]
[Round "4"]
[White "Micki-taryan"]
[Black "JonahWillow"]
[Result "1-0"]
[WhiteElo "2511"]
[BlackElo "2263"]
[TimeControl "600+2"]
[EndTime "10:49:16 PDT"]
[Termination "Micki-taryan won by resignation"]

1. d4 Nf6 2. Nf3 e6 3. c4 c5 4. d5 exd5 5. cxd5 d6 6. Nc3 g6 7. Bf4 Bg7 8. e3 O-O 9. h3 Na6 10. Bxa6 bxa6 11. Nd2 Nh5 12. Bh2 Rb8 13. Qc1 f5 14. O-O f4 15. exf4 Nxf4 16. Nde4 Nd3 17. Qc2 Nxb2 18. Bxd6 Bf5 19. Bxb8 Qxb8 20. Rab1 Qf4 21.
Rxb2 Bxe4 22. Nxe4 Bxb2 23. Nxc5 Be5 24. g3 Qf3 25.
Qe4 Qc3 26. Nd3 Qc4 27. Qxc4 1-0

[Event "GrandPrix_29.05"]
[Site "Chess.com"]
[Date "2020.05.29"]
[Round "4"]
[White "Tokarev_Sergey"]
[Black "Inspiration1"]
[Result "1-0"]
[WhiteElo "2011"]
[BlackElo "1351"]
[TimeControl "600+2"]
[EndTime "10:49:20 PDT"]
[Termination "Tokarev_Sergey won by resignation"]

1. c4 g6 2. Nc3 Bg7 3. e4 e5 4. g3 h5 5. h3 Nc6 6. d3 h4 7. g4 Bh6 8. Nf3 f6 9. Bxh6 Nxh6 10. Nxh4 Kf7 11. Nf3 Nxg4 12. Ng5+ fxg5 13. Qxg4 d6 14. Qg3 g4 15. h4 Be6 16. O-O-O Qf6 17. Be2 g5 18. Bxg4 gxh4 19. Bxe6+ Kxe6 20. Qg4+ Kf7 21. Nd5 Qh6+ 22. Kb1 Ne7 23. Qf3+ Ke6 24. Nxc7+ Kd7 25.
Nxa8 Rxa8 26. Qg4+ Kc6 27. Rxh4 1-0

[Event "GrandPrix_29.05"]
[Site "Chess.com"]
[Date "2020.05.29"]
[Round "4"]
[White "AliKa2810"]
[Black "Arseniy_Nesterov"]
[Result "0-1"]
[WhiteElo "2037"]
[BlackElo "2265"]
[TimeControl "600+2"]
[EndTime "10:49:27 PDT"]
[Termination "Arseniy_Nesterov won by resignation"]

1. d4 d5 2. c4 c6 3. Nf3 Nf6 4. Nc3 dxc4 5. a4 a5 6. e3 Bg4 7. Bxc4 e6 8. h3 Bh5 9. O-O Bb4 10. Qe2 O-O 11. Rd1 Nbd7 12. e4 Qe7 13. e5 Nd5 14. Ne4 h6 15. Bd3 c5 16. Ng3 Bg6 17.
Bxg6 fxg6 18. Qe4 g5 19. Ne2 Rf7 20. Bd2 Raf8 21. Bxb4 axb4 22. a5 cxd4 23. Nexd4 Rf4 24. Qe2 h5 25. Nxg5 Rxf2 26. Qxh5 Rxg2+ 0-1

[Event "GrandPrix_29.05"]
[Site "Chess.com"]
[Date "2020.05.29"]
[Round "4"]
[White "mishanick"]
[Black "GM_Levan_Pantsulaia"]
[Result "1-0"]
[WhiteElo "2733"]
[BlackElo "2640"]
[TimeControl "600+2"]
[EndTime "10:49:41 PDT"]
[Termination "mishanick won by resignation"]

1. d4 Nf6 2. c4 c5 3. d5 g6 4. Nc3 Bg7 5. e4 O-O 6. Nf3 e6 7. Bd3 exd5 8. cxd5 d6 9. h3 Re8 10.
O-O Nh5 11. Bg5 Bf6 12. Be3 Nd7 13. a4 Ne5 14. Be2 Nxf3+ 15. Bxf3 Ng7 16. Qd2 h5 17. Bf4 g5 18. Bh2 g4 19. hxg4 hxg4 20. Be2 a6 21. Rae1 Be5 22. Bxe5 Rxe5 23. g3 Bd7 24. Kg2 Qg5 25.
Qxg5 Rxg5 26. Rh1 Nh5 27. a5 Nf6 28. Bd3 Kg7 29. Rb1 Bb5 30. Bc2 Be2 31. Nxe2 1-0